 Dungeon Crawl Stone Soup version 0.29.0-4-gdea44cf6ec (webtiles) character file.

Game seed: 14659313983788846732

107 SkiChan the Trooper (level 4, -9/41 HPs)
             Began as a Minotaur Fighter on Aug 28, 2022.
             Was an Initiate of Okawaru.
             Mangled by an orc warrior
             ... wielding a +0 scimitar of holy wrath
              (15 damage)
             ... on level 4 of the Dungeon.
             The game lasted 00:04:10 (2470 turns).

SkiChan the Trooper (Minotaur Fighter)              Turns: 2470, Time: 00:04:13

Health: -9/41      AC: 14    Str: 22    XL:     4   Next: 56%
Magic:  3/3        EV:  6    Int: 11    God:    Okawaru [......]
Gold:   138        SH:  0    Dex: 10    Spells: 3/3 levels left

rFire   . . .      SeeInvis .   a - +0 flail
rCold   . . .      Faith    .   c - +0 buckler
rNeg    . . .      Spirit   .   i - +0 plate armour
rPois   +          Reflect  .   (helmet restricted)
rElec   .          Harm     .   (no cloak)
rCorr   .          Rampage  .   h - +0 pair of gloves
Will    .....                   x - +0 pair of boots
Stlth   ..........              (no amulet)
HPRegen 0.13/turn               y - ring of poison resistance
MPRegen 0.08/turn               w - +6 ring of intelligence

@: confused
A: horns 2, retaliatory headbutt
a: Renounce Religion


You were on level 4 of the Dungeon.
You worshipped Okawaru.
Okawaru was noncommittal.
You visited 1 branch of the dungeon, and saw 4 of its levels.

You collected 138 gold pieces.

Inventory:

Hand Weapons
 a - a +0 flail (weapon)
Missiles
 s - 5 poisoned darts (quivered)
Armour
 c - a +0 buckler (worn)
 h - a +0 pair of gloves (worn)
 i - a +0 plate armour (worn)
 x - a +0 pair of boots (worn)
Jewellery
 w - a +6 ring of intelligence (right hand)
 y - a ring of poison resistance (left hand)
Scrolls
 e - 3 scrolls of poison {unknown}
 k - 5 scrolls of identify {unknown}
 l - a scroll of enchant armour {unknown}
 m - a scroll of fog {unknown}
 n - a scroll of noise {unknown}
 z - a scroll of silence {unknown}
Potions
 b - 2 potions of curing {unknown}
 d - 2 potions of might
 f - 2 potions of brilliance {unknown}
 g - a potion of resistance {unknown}
 j - 4 potions of cancellation {unknown}
 o - 2 potions of heal wounds {unknown}
 p - a potion of flight {unknown}
 q - a potion of invisibility {unknown}
 r - a potion of haste {unknown}
 t - a potion of magic {unknown}
 u - a potion of lignification {unknown}
 v - a potion of berserk rage {unknown}


   Skills:
 * Level 4.5 Fighting
 + Level 1.5(2.9) Axes
 * Level 3.8(4.0) Maces & Flails
 + Level 4.1 Armour
 + Level 4.1 Shields


You had 3 spell levels left.
You didn't know any spells.
Your spell library contained the following spells:

 Spells                   Type           Power      Damage    Failure   Level
 Portal Projectile        Hex/Tloc       0%         N/A       100%        3
 Blade Hands              Tmut           0%         N/A       100%        5
 Tukima's Dance           Hex            Unusable   N/A       N/A         3

Dungeon Overview and Level Annotations

Branches:
Dungeon (4/15)
 Temple: D:4-7

Altars:
Gozag
Okawaru


Innate Abilities, Weirdness & Mutations

You have a pair of horns on your head.
You reflexively headbutt those who attack you in melee.


Message History

An orc warrior comes into view.
It is wielding a +0 scimitar of holy wrath.
The orc warrior shouts!
You hear a shout!
The orc wizard casts a spell at you. You resist with some effort.
You barely miss the orc. You block the orc's attack.
The orc warrior unwields a +0 scimitar of holy wrath.
It stops glowing.
The orc warrior wields a +0 arbalest.
The orc warrior shoots a bolt.
The bolt hits you.
You barely miss the orc. You headbutt the orc!
You kill the orc!
Okawaru accepts your kill. The orc wizard casts a spell at you.
You are confused.
An orc priest comes into view. It is wielding a +0 dagger.
You are too confused!
You are too confused!
The orc wizard hits you but does no damage.
The orc priest attacks as you move away!
The orc priest hits you with a +0 dagger.
The orc wizard attacks as you move away!
The orc wizard hits you but does no damage.
The orc wizard gestures at you while chanting.
The magic dart hits you.
Items here: ( ) [ †.
You barely miss the orc priest.
The orc priest casts a cantrip, but nothing happens.
You barely miss the orc priest. Your headbutt misses the orc priest.
The orc priest barely misses you.
The orc warrior unwields a +0 arbalest.
The orc warrior wields a +0 scimitar of holy wrath.
It softly glows with a divine radiance!
The orc warrior hits you with a +0 scimitar of holy wrath!
The orc priest hits you but does no damage.
You sock the orc priest!
The orc priest is severely wounded.
The orc warrior hits you with a +0 scimitar of holy wrath!
* * * LOW HITPOINT WARNING * * *
The orc priest invokes the aid of Beogh against you.
You barely resist. The orc wizard barely misses you.
The orc warrior hits you with a +0 scimitar of holy wrath!
You die...

## #. #.##
#..#
########.###
#....#.ooo$#
#....#.#@###
#....#.._..#
#....###.#.#
#....#.....#
#...<###.###
####.....#
#######


You could see an orc warrior, an orc priest and an orc wizard.

Vanquished Creatures
  3 adders (D:2)
  A worm (D:2)
  2 dart slugs
  2 orcs
  8 bats
  6 endoplasms
  2 giant cockroaches (D:1)
  3 goblins
  8 hobgoblins
  4 jackals
  7 kobolds
  4 quokkas
  8 ball pythons
  4 frilled lizards
  3 rats
65 creatures vanquished.

Notes
Turn   | Place    | Note
-------+----------+-------------------------------------------
     0 | D:1      | SkiChan the Minotaur Fighter began the quest for the Orb.
     0 | D:1      | Reached XP level 1. HP: 19/19 MP: 0/0
   299 | D:1      | Reached XP level 2. HP: 27/27 MP: 1/1
   674 | D:1      | Reached XP level 3. HP: 33/33 MP: 2/2
   720 | D:1      | Found a faded altar of an unknown god.
  1057 | D:2      | Reached skill level 1 in Axes
  1178 | D:2      | Reached XP level 4. HP: 21/41 MP: 3/3
  1850 | D:3      | Found an iron altar of Okawaru.
  1865 | D:3      | Became a worshipper of Warmaster Okawaru
  2393 | D:4      | Noticed a black bear
  2397 | D:4      | Noticed an ogre
  2452 | D:4      | Found an opulent altar of Gozag.
  2461 | D:4      | Noticed an orc warrior
  2470 | D:4      | Mangled by an orc warrior

Illustrated notes

Levels and vault maps discovered:
D:1:      wander_arrival_fairy_ring, layout_basic, basic_ecumenical_altar
D:2:      layout_basic, st_stairs_4
D:3:      layout_rooms, okawaru_gym_becter
D:4:      layout_rooms, nicolae_wu_jian_wuxing_cycle,
          nicolae_gozag_cash_rules_everything_around_me

Skill      XL: |  1  2  3 |
---------------+----------+-----
Maces & Flails | 3 |  3.8
Fighting       | 4 |  4.5
Axes           | 1 |  1.5
Armour         | 4 |  4.1
Shields        | 4 |  4.1

Action                   |  1- 3 |  4- 6 || total
-------------------------+-------+-------++-------
Melee: Flail             |   113 |    47 ||   160
       Headbutt          |    13 |    13 ||    26
Armor: Scale mail        |    27 |       ||    27
       Plate armour      |    80 |    30 ||   110
Dodge: Dodged            |    40 |    17 ||    57
Block: Buckler           |    32 |    12 ||    44
